 Dungeon Crawl Stone Soup version 0.31.0-32-g396128a36d (webtiles) character file.

Game seed: 5923185061883251043

103 PaiMei the Gusty (level 4, -1/24 HPs)
             Began as a Tengu Air Elementalist on Mar 18, 2024.
             Succumbed to an adder's poison
             ... on level 2 of the Dungeon.
             The game lasted 00:02:45 (2405 turns).

PaiMei the Gusty (Tengu Air Elementalist)           Turns: 2405, Time: 00:02:46

Health: -1/24      AC:  3    Str:  7 (9)  XL:     4   Next: 79%
Magic:  3/8        EV: 12    Int: 16 (17) God:
Gold:   90         SH:  0    Dex: 12 (14) Spells: 5/8 levels left

rFire   . . .        m - +1 dagger (venom)
rCold   . . .        (no shield)
rNeg    . . .        a - +0 robe
rPois   .            (helmet restricted)
rElec   .            i - +0 cloak
rCorr   .            (no gloves)
SInv    .            (boots unavailable)
Will    .....        l - amulet of magic regeneration
Stlth   ++           (no ring)
HPRegen 0.24/turn    (no ring)
MPRegen 0.51/turn

%: acrobat
@: mighty, lethally poisoned (-1 -> -7)
A: beak, talons 3, acrobatic
a: no special abilities


You were on level 2 of the Dungeon.
You visited 1 branch of the dungeon, and saw 2 of its levels.

You collected 120 gold pieces.
You spent 30 gold pieces at shops.

Inventory:

Hand Weapons
 m - a +1 dagger of venom (weapon)
Armour
 a - a +0 robe (worn)
 i - a +0 cloak (worn)
Jewellery
 l - an amulet of magic regeneration (around neck)
Scrolls
 c - 3 scrolls of teleportation
 h - a scroll of noise {unknown}
 n - 4 scrolls of identify {unknown}
 p - a scroll of vulnerability {unknown}
Potions
 b - a potion of magic
 e - a potion of cancellation {unknown}
 f - a potion of curing {unknown}
 g - a potion of invisibility {unknown}
 j - a potion of degeneration
 k - a potion of resistance {unknown}
 o - a potion of brilliance {unknown}


   Skills:
 + Level 3.0 Dodging
 + Level 2.9 Stealth
 + Level 2.6 Spellcasting
 + Level 2.8 Conjurations
 + Level 4.8 Air Magic


You had 5 spell levels left.
You knew the following spells:

 Your Spells              Type           Power      Damage    Failure   Level
a - Shock                 Conj/Air       56%        1d6       4%          1
b - Static Discharge      Conj/Air       28%        3-5/arc   6%          2

Your spell library contained the following spells:

 Spells                   Type           Power      Damage    Failure   Level
 Swiftness                Air            17%        N/A       9%          3
 Sting                    Conj/Alch      24%        1d4       11%         1
 Apportation              Tloc           4%         N/A       21%         1
 Necrotise                Necr           8%         1d4       21%         1
 Summon Small Mammal      Summ           8%         N/A       21%         1
 Airstrike                Air            8%         2d(2-18)  26%         4
 Call Imp                 Summ           4%         N/A       30%         2
 Sublimation of Blood     Necr           2%         N/A       30%         2
 Gell's Gravitas          Tloc           2%         N/A       52%         3
 Teleport Other           Tloc           2%         N/A       52%         3
 Dispersal                Tloc           1%         N/A       100%        6
 Summon Hydra             Summ           1%         N/A       100%        7


Dungeon Overview and Level Annotations

Branches:
Dungeon (2/15)

Altars:

Shops:
D:2 *


Innate Abilities, Weirdness & Mutations

You have a beak for a mouth.
You have claws for feet.
You can magically evade attacks while moving or waiting.


Message History

Confirm with . or Enter, or press ? or * to list all spells.
Aiming: Shock (safe; 3% risk of failure)
Press: ? - help, Shift-Dir - straight line, f/p - adder
Aim: an adder (severely wounded, 53% to hit)
The zap hits the adder.
The adder is almost dead.
You feel sick. The adder bites you.
You are lethally poisoned!
The adder poisons you!
Casting: Shock (safe; 3% risk of failure)
Confirm with . or Enter, or press ? or * to list all spells.
Aiming: Shock (safe; 3% risk of failure)
Press: ? - help, Shift-Dir - straight line, f/p - adder
Aim: an adder (almost dead, 53% to hit)
The zap misses the adder.
* * * LOW HITPOINT WARNING * * *
You feel very sick. The adder bites you but does no damage.
Casting: Shock (safe; 3% risk of failure)
Confirm with . or Enter, or press ? or * to list all spells.
Aiming: Shock (safe; 3% risk of failure)
Press: ? - help, Shift-Dir - straight line, f/p - adder
Aim: an adder (almost dead, 53% to hit)
The zap hits the adder.
You kill the adder!
* * * LOW HITPOINT WARNING * * *
You feel very sick.
Your Dodging skill increases to level 3!
Casting: Shock (safe; 3% risk of failure)
Confirm with . or Enter, or press ? or * to list all spells.
You can't see any susceptible monsters within range! (Use Z to cast anyway.) Unknown command.
It was a potion of might.
You feel very mighty all of a sudden.
* * * LOW HITPOINT WARNING * * *
You feel sick.
It was a potion of degeneration.
There was something very wrong with that liquid.
You feel weakened.
You feel dopey.
You feel clumsy.
You die...

##### ##.#.## #.# ####...#
##.###.## #.#
.......###.#####.###########.####
.###...##.###..........>.........
...........##.##.##########.#####
..............#.## #.#
..........##.#.## #.#
.#.#...######.########## #.#
##.#...#........@......# #.#
##.#...#.#############.# #.#
...##.##.# #.# ....#.##.# #.#
.........# #.# ....##.### #.#
<...##.# #.# .#..##†# #.#
.......##### #.#


There were no monsters in sight!

Vanquished Creatures
  4 adders (D:2)
  3 dart slugs
  2 ribbon worms (D:2)
  7 bats
  6 endoplasms
  4 goblins
  7 hobgoblins
  A jackal (D:2)
  3 kobolds (D:1)
  2 quokkas
  7 ball pythons
  2 frilled lizards (D:2)
  7 rats
55 creatures vanquished.

Notes
Turn   | Place    | Note
-------+----------+-------------------------------------------
     0 | D:1      | PaiMei the Tengu Air Elementalist began the quest for the
                  | Orb.
     0 | D:1      | Reached XP level 1. HP: 10/10 MP: 4/4
    16 | D:1      | Found a faded altar of an unknown god.
   287 | D:1      | Reached XP level 2. HP: 15/15 MP: 0/6
   895 | D:1      | Reached XP level 3. HP: 19/19 MP: 3/7
   898 | D:1      | Learned a level 2 spell: Static Discharge
  1645 | D:2      | Found Cyres's General Store.
  1649 | D:2      | Bought a scroll of teleportation for 30 gold pieces
  1739 | D:2      | Reached XP level 4. HP: 19/24 MP: 3/8
  2404 | D:2      | HP: 1/24 [poisoned by an adder]
  2405 | D:2      | Succumbed to an adder's poison

Illustrated notes

Levels and vault maps discovered:
D:1:      dpeg_arrival_castle, layout_loops_corners, basic_ecumenical_altar
D:2:      minmay_thinvault, layout_loops_ring, serial_shops, shop,
          nicolae_wormholes

Skill      XL: |  1  2  3  4 |
---------------+-------------+-----
Conjurations   | 2 |  2.8
Dodging        | 3 |  3.0
Stealth        | |  2.9
Spellcasting   | |  2.6
Air Magic      | |  4.8

Action                     |  1- 3 |  4- 6 || total
---------------------------+-------+-------++-------
  Melee: Unarmed           |     2 |       ||     2
         Kick              |     2 |       ||     2
         Short sword       |     1 |       ||     1
         Dagger            |     1 |     3 ||     4
   Cast: Shock             |    87 |    53 ||   140
    Use: Potion            |       |     2 ||     2
   Stab: Sleeping          |     1 |       ||     1
 Armour: Robe              |     8 |    15 ||    23
  Dodge: Dodged            |    21 |    28 ||    49
